 Dungeon Crawl Stone Soup version 0.27.0-1-g7a089689b8 (webtiles) character file.

Game seed: 3262674926854463293

161911 robertstho the Eclecticist (level 18, -2/128 HPs)
             Began as a Djinni Fire Elementalist on Aug 11, 2021.
             Was an Initiate of Gozag.
             Killed by the air
             ... invoked by a wind drake
              (19 damage)
             ... on level 2 of the Shoals.
             The game lasted 01:23:09 (43731 turns).

robertstho the Eclecticist (DjFE)                  Turns: 43731, Time: 01:23:09

Health: -2/128     AC: 12    Str: 15    XL:     18   Next: 12%
Gold:   3138       EV: 12    Int: 26    God:    Gozag SH: 14 Dex: 12

rFire    + + .     SeeInvis +   m - +8 short sword of Fafiruuseu {protect, rCorr Str+2}
rCold    x . .     Faith    .   J - +0 kite shield {AC+3}
rNeg     . . .     Spirit   .   a - +2 robe of Rotten Satisfaction {Regen+ Str+3 Dex-3}
rPois    ∞         Reflect  +   v - +3 crown of Dyrovepreva {rElec Int+2 SInv}
rElec    +         Harm     .   D - scarf {repulsion}
rCorr    +         Rampage  .   r - +1 pair of gloves {Str+3}
Will     +....                  (boots unavailable)
Stlth    +++.......             f - amulet of reflection
HPRegen  1.31/turn              p - +4 ring of slaying
MPRegen  0.00/turn              o - ring of wizardry

@: marked, gold aura, flying, very slightly contaminated, invisible, repel
missiles
A: sickness immunity, fire resistance 2, cold vulnerability 1, float, innate
caster, hp casting, extra vitality 1
}: 1/15 runes: gossamer
a: Renounce Religion, Potion Petition, Call Merchant, Bribe Branch


You were on level 2 of the Shoals.
You worshipped Gozag.
Gozag was most pleased with you.
You visited 6 branches of the dungeon, and saw 30 of its levels.

You collected 9245 gold pieces.
You spent 3589 gold pieces at shops.
You paid 2518 gold pieces to Gozag.

Inventory:

Hand Weapons
 m - the +8 short sword of Fafiruuseu (weapon) {protect, rCorr Str+2}
   (You found it on level 4 of the Dungeon)

   It grants its wielder temporary protection when it strikes (+7 to AC).
   Str:       It affects your strength (+2).
   rCorr:     It protects you from acid and corrosion.
 T - the +9 rapier of Trial by Ordeal {speed, Drain rC+ rN++}
   (You found it on level 6 of the Lair of Beasts)

   Attacks with this weapon are significantly faster.
   rC:        It protects you from cold.
   rN:        It greatly protects you from negative energy.
   Drain:     It drains your maximum health when unequipped.
Armour
 a - the +2 robe of Rotten Satisfaction (worn) {Regen+ Str+3 Dex-3}
   (You bought it in a shop on level 2 of the Orcish Mines)

   Str:       It affects your strength (+3).
   Dex:       It affects your dexterity (-3).
   Regen:     It increases your rate of health regeneration.
 r - a +1 pair of gloves of strength (worn)
 v - the +3 crown of Dyrovepreva (worn) {rElec Int+2 SInv}
   (You bought it in a shop on level 1 of the Shoals)

   Int:       It affects your intelligence (+2).
   rElec:     It insulates you from electricity.
   SInv:      It lets you see invisible.
 D - a scarf of repulsion (worn)
 J - a +0 kite shield of protection (worn)
Jewellery
 f - an amulet of reflection (around neck)
 g - a ring of ice
 h - a ring of resist corrosion
 o - a ring of wizardry (right hand)
 p - a +4 ring of slaying (left hand)
 F - a ring of positive energy
 N - a ring of fire
 V - a ring of see invisible
 X - an amulet of regeneration
Wands
 k - a wand of iceblast (25)
 l - a wand of mindburst (36)
 u - a wand of digging (8)
 Q - a wand of acid (5)
Scrolls
 c - 6 scrolls of teleportation
 d - 6 scrolls of enchant weapon
 j - 4 scrolls of immolation
 q - 5 scrolls of magic mapping
 w - 3 scrolls of holy word
 y - 3 scrolls of vulnerability
 z - 2 scrolls of silence
 A - a scroll of summoning
 C - a scroll of torment
 E - 2 scrolls of enchant armour
 G - 4 scrolls of fog
 H - a scroll of acquirement
 K - 2 scrolls of brand weapon
 O - 12 scrolls of identify
 Z - 2 scrolls of fear
Potions
 b - 14 potions of lignification
 e - 10 potions of curing
 i - 12 potions of ambrosia
 n - 4 potions of mutation
 s - 2 potions of heal wounds
 t - 3 potions of haste
 x - 2 potions of might
 B - 2 potions of brilliance
 I - a potion of cancellation
 M - 3 potions of resistance
Miscellaneous
 R - a box of beasts
 S - a lightning rod (4/4)
 W - a condenser vane


   Skills:
 * Level 11.2 Fighting
 + Level 3.4 Short Blades
 + Level 7.4 Dodging
 + Level 5.1 Stealth
 + Level 4.9 Shields
 * Level 19.6 Spellcasting
 + Level 0.3 Evocations


You had 10 spell levels left.
You knew the following spells:

 Your Spells              Type           Power      Damage    Failure   Level
a - Foxfire               Conj/Fire      100%       2x1d9     0%          1
b - Conjure Flame         Conj/Fire      91%        6-21      0%          3
c - Inner Flame           Hex/Fire       91%        N/A       0%          3
d - Sticky Flame          Conj/Fire      91%        2d10      0%          4
e - Fireball              Conj/Fire      45%        3d18      1%          5
f - Corona                Hex            100%       N/A       0%          1
g - Passwall              Tmut/Erth      75%        N/A       0%          2
h - Swiftness             Air            91%        N/A       0%          3
i - Teleport Other        Tloc           91%        N/A       0%          3
j - Summon Lightning Spi  Summ/Air       91%        N/A       0%          4
k - Manifold Assault      Tloc           91%        N/A       1%          5
l - Eringya's Noxious Bo  Tmut/Pois      45%        N/A       1%          6
m - Invisibility          Hex            45%        N/A       1%          6
Your spell library was empty.

Dungeon Overview and Level Annotations

Branches:
Dungeon (15/15)            Temple (1/1) D:6            Lair (6/6) D:10
 Shoals (2/4) Lair:2       Spider (4/4) Lair:2        Slime (0/5) Lair:5
    Orc (2/2) D:10            Elf (0/3) Orc:2        Vaults (0/5) D:14
 Depths (0/5) D:15

Altars:
Cheibriados
Dithmenos
Elyvilon
Fedhas
Gozag
Hepliaklqana
Kikubaaqudgha
Makhleb
Okawaru
Qazlal
Ru
Sif Muna
Trog
Uskayaw
Xom
Yredelemnul
Zin
Beogh

Shops:
D:7 (   D:8 !   D:11 :   D:12 ?   Orc:1 [   Orc:2 :?*?(   Shoals:1 *!([
Spider:2 *

Portals:
Trove: D:11 (give +6 demon trident)

Annotations:
Spider:3 3 runed translucent doors, Zosacw's ghost, adept HaHu; bnorton916's ghost, adept DECj


Innate Abilities, Weirdness & Mutations

You are immune to sickness and miasma.
You are immune to poison.
Your flesh is very heat resistant. (rF++)
You are vulnerable to cold. (rC-)
You float through the air rather than walking.
You learn spells naturally, not from books.
Your magical power is your life essence.
You have superior vitality. (+4 HP)


Message History

It is covered in frost.
The faun shoots a stone.
You reflect the stone off an invisible shield around you!
The stone barely misses the faun.
The stone closely misses the faun.
The stone hits the faun.
The stone freezes the faun.
The merfolk hits you with a +0 flail.
The faun shoots a stone.
The stone closely misses you. The stone hits your lightning spire.
You block the merfolk's attack.
The faun points at you and mumbles some strange words.
You resist with some effort.
A faun comes into view. It is wielding a +0 club.
The water elemental completely misses your lightning spire.
Unknown command.
The faun shoots a stone.
The stone misses you.
The merfolk throws a boomerang.
You reflect the boomerang off an invisible shield around you!
The boomerang hits your lightning spire.
The faun shoots a stone.
The stone barely misses you.
The merfolk aquamancer gestures at you while chanting.
The torrent of water hits you!!
* * * LOW HITPOINT WARNING * * *
You are knocked back by the torrent of water.
The wave splashes down.
The water elemental hits your lightning spire.
Your lightning spire shoots out a bolt of lightning at the merfolk!
The bolt of electricity hits the merfolk!!
The merfolk dies!
Casting: Summon Lightning Spire (safe; 0% risk of failure)
Confirm with . or Enter, or press ? or * to list all spells.
Aiming: Fireball (safe; 1% risk of failure)
Press: ? - help, Shift-Dir - straight line The fireball explodes!
The fireball engulfs the wind drake!!
The wind drake is severely wounded.
The fireball engulfs the merfolk aquamancer!!!
The merfolk aquamancer is severely wounded.
* * * LOW HITPOINT WARNING * * *
The faun shoots a stone.
The stone misses you.
The faun shoots a stone.
The stone closely misses you. The wind drake flaps its wings at you.
The air twists around and strikes you!!
You die...
Your body crumbles into a pile of gold.

(.≈≈≈≈≈≈≈≈≈≈≈≈≈....≈≈≈≈≈≈
≈≈≈≈≈≈.≈≈≈≈≈≈≈≈≈≈≈≈≈≈≈≈≈≈≈
≈≈≈......≈...≈≈≈≈≈≈≈≈≈≈≈≈≈≈≈
$
≈....$........≈≈≈≈≈≈≈≈≈≈≈≈≈≈
....)......#..≈≈≈≈≈≈≈≈≈≈≈≈≈≈
>...........##.≈≈≈≈≈≈≈≈≈≈≈≈≈
#......$E...###..≈≈≈≈≈≈≈≈≈≈≈
#.......m8≈≈###...≈≈≈≈≈≈≈≈≈≈
#......k.m≈@##..≈≈≈≈≈≈≈≈≈≈≈≈
#..$.......≈≈..≈≈≈≈≈.....≈≈≈
#.m......§.....≈≈≈≈≈.####.≈≈
($....c.≈......≈≈≈≈[.# ###.
#[.........≈≈≈≈≈≈≈≈.## ##
#....c.....≈≈≈≈≈≈≈≈≈## #
#....c...#....≈≈≈≈≈≈.#####
....c..(#≈≈..≈≈≈≈≈≈≈....#
....≈≈≈)≈≈≈≈≈≈≈≈..#


You could see a merfolk aquamancer, a wind drake (repels missiles, ally target),
a merfolk, 4 fauns, a water elemental and a friendly lightning spire (summoned).

Vanquished Creatures
  Jorgrun (D:14)
  Rupert (D:15)
  A kraken (Shoals:1)
  Agnes (Spider:1)
  Gastronok (Lair:3)
  Ilsuiw (Shoals:2)
  3 ghost moths (Spider:4)
  6 emperor scorpions
  2 entropy weavers
  2 spark wasps
  The ghost of DemonSlayer the Cleaver, a journeyman HuBe of Trog (D:13)
  A merfolk impaler (Shoals:2)
  Josephine (Spider:1)
  A boulder beetle (D:11)
  7 hydras
  4 centaur warriors
  3 vault guards (D:14)
  3 merfolk avatars
  3 merfolk aquamancers
  3 death yaks (D:10)
  5 tengu warriors (D:15)
  An orc high priest (Orc:2)
  A deep troll (D:15)
  4 sea snakes
  A wizard (D:15)
  2 harpies (Shoals:1)
  A deep elf pyromancer (D:15)
  An orc knight (Orc:2)
  A necromancer (D:15)
  5 orc sorcerers (Orc:2)
  4 ugly things (D:14)
  2 fauns (Shoals:2)
  2 oklob plants (Lair:5)
  4 cyclopes
  3 manticores
  15 orb spiders
  16 wolf spiders
  2 moths of wrath (Spider:4)
  4 merfolk sirens
  An elephant (Lair:3)
  5 water nymphs (Shoals:1)
  3 black mambas
  9 cane toads
  A gargoyle (D:10)
  6 komodo dragons
  2 unseen horrors (D:12)
  An efreet (D:14)
  A rime drake (shapeshifter) (D:14)
  4 rime drakes
  3 demonic crawlers
  7 merfolk
  A queen bee (Spider:3)
  6 trolls
  5 hornets
  8 meliai
  3 polar bears
  3 wind drakes
  17 jumping spiders
  Grinder (D:4)
  8 blink frogs
  2 slime creatures (D:15)
  3 snapping turtles (Lair:6)
  A centaur simulacrum (D:15)
  72 redbacks
  29 tarantellas
  4 water elementals
  5 wraiths
  A vampire (D:10)
  9 wyverns
  Grum (Lair:1)
  27 yaks
  4 basilisks
  Eustachio (D:4)
  A steam dragon (D:9)
  5 vampire mosquitoes
  A warg (D:13)
  14 water moccasins
  An acid dragon (D:14)
  A floating eye (shapeshifter) (D:14)
  24 orc warriors
  7 sky beasts
  The ghost of boopsy the Ruffian, an amateur TrFE (D:3)
  An ice beast (D:6)
  2 necrophages
  4 ogres
  14 centaurs
  16 wolves
  2 kobold brigands
  A phantom (D:5)
  Blork the orc (D:6)
  7 bullfrogs
  3 scorpions
  2 water moccasin zombies
  23 killer bees
  2 electric eels
  5 howler monkeys
  4 centaur zombies
  2 gnoll shamans
  21 orc priests
  A bullfrog skeleton (D:4)
  4 centaur skeletons
  Ijyb (D:4)
  6 iguanas
  26 orc wizards
  4 hell rats (D:10)
  12 adders
  6 gnolls
  A howler monkey skeleton (D:4)
  A shadow imp (D:6)
  2 ufetubi
  An adder zombie (D:3)
  A worm (D:3)
  3 dart slugs
  95 orcs
  5 ball pythons
  3 bats
  4 endoplasms
  A giant cockroach (D:1)
  10 goblins
  8 hobgoblins
  19 jackals
  3 quokkas
  A frilled lizard (D:1)
  15 kobolds
  A quokka skeleton (D:4)
  4 rats
  2 bushes
779 creatures vanquished.

Vanquished Creatures (collateral kills)
  An emperor scorpion (Spider:4)
  2 dire elephants (Lair:6)
  An ettin (D:15)
  A vault guard (D:14)
  3 boulder beetles
  2 centaur warriors
  3 two-headed ogres
  A tengu warrior (D:13)
  2 orc high priests (Orc:2)
  A harpy (Shoals:1)
  A deep elf pyromancer (D:14)
  A wizard (D:14)
  4 wolf spiders
  4 orc knights
  An oklob plant (Lair:2)
  2 ugly things (D:14)
  An orc sorcerer (Orc:1)
  A cyclops (D:13)
  2 orb spiders
  A centaur zombie (D:11)
  3 black mambas
  3 elephants (Lair:3)
  4 cane toads (Lair:6)
  A rime drake (Lair:6)
  A demonic crawler (Spider:1)
  5 komodo dragons
  A merfolk (Shoals:2)
  2 jumping spiders
  3 trolls
  A polar bear (Lair:6)
  2 meliai
  3 hornets (Spider:4)
  A wind drake (Lair:6)
  2 slime creatures (D:15)
  2 wraiths (Spider:1)
  2 wyverns (Lair:6)
  10 redbacks
  4 tarantellas
  8 yaks
  A basilisk (Lair:6)
  6 vampire mosquitoes (D:12)
  A steam dragon (Lair:6)
  An acid dragon (D:12)
  3 water moccasins
  11 orc warriors
  4 ogres
  A centaur (D:15)
  3 wolves (Lair:1)
  A bullfrog (Lair:2)
  5 killer bees (D:11)
  6 orc priests
  4 orc wizards
  A gnoll (Orc:1)
  10 orcs
  A rat (D:10)
  5 foxfires (D:1)
157 creatures vanquished.

Vanquished Creatures (others)
  An orc warlord (Orc:1)
  A redback (Spider:3)
  An orc warrior (Orc:1)
  807 foxfires
  35 fungi
  77 plants
  8 tentacles (Shoals:1)
930 creatures vanquished.

Grand Total: 1866 creatures vanquished

Notes
Turn   | Place    | Note
-------+----------+-------------------------------------------
     0 | D:1      | robertstho the Djinni Fire Elementalist began the quest for
                  | the Orb.
     0 | D:1      | Reached XP level 1. HP: 15/15 MP: 0/0
    21 | D:1      | Reached XP level 2. HP: 6/22 MP: 0/0
    23 | D:1      | HP: 1/22 [goblin (3)]
   332 | D:1      | Reached skill level 1 in Fighting
   941 | D:1      | Reached XP level 3. HP: 26/27 MP: 0/0
   941 | D:1      | Learned a level 1 spell: Corona
  1032 | D:1      | Reached skill level 3 in Spellcasting
  1178 | D:1      | Found a faded altar of an unknown god.
  2465 | D:2      | Reached XP level 4. HP: 10/32 MP: 0/0
  3250 | D:3      | Found a stormy altar of Qazlal.
  3250 | D:3      | Noticed a water elemental
  3254 | D:3      | Noticed an earth elemental
  3255 | D:3      | Noticed a fire elemental
  3255 | D:3      | Noticed an air elemental
  3306 | D:3      | Reached XP level 5. HP: 25/37 MP: 0/0
  3306 | D:3      | Learned a level 2 spell: Passwall
  3420 | D:3      | Found a glowing silver altar of Zin.
  3443 | D:3      | Reached skill level 4 in Spellcasting
  3921 | D:3      | Found a runed translucent gate.
  3921 | D:3      | Found a runed translucent gate.
  3921 | D:3      | Found a runed translucent gate.
  3921 | D:3      | Noticed boopsy's ghost (amateur TrFE)
  3969 | D:3      | Found a basalt altar of Yredelemnul.
  3983 | D:3      | Reached XP level 6. HP: 28/42 MP: 0/0
  5119 | D:4      | Noticed Eustachio
  5130 | D:4      | Killed Eustachio
  5131 | D:4      | Reached skill level 5 in Spellcasting
  5131 | D:4      | Reached XP level 7. HP: 19/49 MP: 0/0
  5131 | D:4      | Learned a level 3 spell: Swiftness
  5758 | D:4      | Noticed Ijyb
  5764 | D:4      | Killed Ijyb
  5839 | D:4      | Identified the +8 short sword of Fafiruuseu {protect, rCorr
                  | Str+2}
  6017 | D:4      | Noticed Grinder
  6025 | D:4      | Killed Grinder
  6026 | D:4      | Reached XP level 8. HP: 44/55 MP: 0/0
  6367 | D:5      | Entered Level 5 of the Dungeon
  6372 | D:5      | Reached skill level 6 in Spellcasting
  6725 | D:5      | Reached skill level 7 in Spellcasting
  6867 | D:5      | Found an iron altar of Okawaru.
  7125 | D:5      | Reached XP level 9. HP: 52/62 MP: 0/0
  7125 | D:5      | Learned a level 3 spell: Teleport Other
  7863 | D:6      | Reached skill level 8 in Spellcasting
  7973 | D:6      | Found a white marble altar of Elyvilon.
  8027 | D:6      | Found a staircase to the Ecumenical Temple.
  8151 | Temple   | Entered the Ecumenical Temple
  8181 | Temple   | Became a worshipper of Gozag Ym Sagoz the Greedy
  8326 | D:6      | Found a bloodstained altar of Trog.
  8602 | D:6      | Noticed Blork the orc
  8608 | D:6      | Killed Blork the orc
 10101 | D:6      | Found a snail-covered altar of Cheibriados.
 10459 | D:7      | Reached skill level 9 in Spellcasting
 10575 | D:7      | Reached XP level 10. HP: 51/69 MP: 0/0
 10825 | D:7      | Found Gietas's Weapon Shop.
 11555 | D:8      | Reached skill level 5 in Fighting
 12253 | D:8      | Found a sacrificial altar of Ru.
 12519 | D:9      | Noticed a boulder beetle
 12591 | D:9      | Reached skill level 10 in Spellcasting
 13369 | D:9      | HP: 2/70 [boulder beetle (10)]
 13742 | D:8      | Bought a potion of heal wounds for 65 gold pieces
 13742 | D:8      | Bought a potion of might for 52 gold pieces
 13742 | D:8      | Bought a potion of heal wounds for 65 gold pieces
 13742 | D:8      | Bought a potion of attraction for 39 gold pieces
 13742 | D:8      | Bought a potion of heal wounds for 65 gold pieces
 13742 | D:8      | Bought a potion of curing for 39 gold pieces
 13807 | D:10     | Entered Level 10 of the Dungeon
 13848 | D:10     | Noticed a death yak
 13854 | D:10     | Noticed a death yak
 13855 | D:10     | Noticed a death yak
 13856 | D:10     | Killed a death yak
 13857 | D:10     | Reached skill level 1 in Short Blades
 13857 | D:10     | Reached XP level 11. HP: 17/76 MP: 0/0
 13857 | D:10     | Learned a level 4 spell: Summon Lightning Spire
 14187 | D:10     | Found a staircase to the Lair.
 14197 | D:10     | Killed a death yak
 14202 | D:10     | Killed a death yak
 14203 | D:10     | Reached skill level 11 in Spellcasting
 15022 | D:10     | Found a staircase to the Orcish Mines.
 15613 | D:10     | Noticed a cyclops
 15617 | D:10     | Killed a cyclops
 15622 | D:10     | Noticed a two-headed ogre
 15644 | D:10     | Killed a two-headed ogre
 16072 | D:11     | Noticed a two-headed ogre
 16073 | D:11     | Reached skill level 12 in Spellcasting
 16078 | D:11     | Killed a two-headed ogre
 16452 | D:11     | Noticed a boulder beetle
 16459 | D:11     | Killed a boulder beetle
 16762 | D:11     | Reached XP level 12. HP: 58/84 MP: 0/0
 17133 | D:11     | Found Plog's Book Emporium.
 17225 | D:11     | Found a portal to a secret trove of treasure.
 17367 | D:12     | Noticed a six-headed hydra
 17382 | D:12     | Killed a six-headed hydra
 18558 | D:12     | Noticed a boulder beetle
 18562 | D:12     | Killed a boulder beetle
 18563 | D:12     | Reached skill level 13 in Spellcasting
 18642 | D:12     | Reached skill level 1 in Shields
 18962 | D:12     | Noticed a two-headed ogre
 18973 | D:12     | Killed a two-headed ogre
 19375 | D:12     | Bought a scroll of torment for 120 gold pieces
 19375 | D:12     | Bought a scroll of identify for 32 gold pieces
 19375 | D:12     | Bought a scroll of magic mapping for 56 gold pieces
 19375 | D:12     | Bought a scroll of identify for 32 gold pieces
 19375 | D:12     | Bought a scroll of identify for 32 gold pieces
 19395 | D:13     | Noticed a tengu warrior
 19398 | D:13     | Killed a tengu warrior
 19595 | D:13     | Noticed a centaur warrior
 19597 | D:13     | Killed a centaur warrior
 19959 | D:13     | Noticed a centaur warrior
 19961 | D:13     | Killed a centaur warrior
 19962 | D:13     | Reached skill level 5 in Dodging
 20203 | D:13     | Found a runed translucent gate.
 20205 | D:13     | Found a runed translucent gate.
 20206 | D:13     | Found a runed translucent gate.
 20206 | D:13     | Noticed DemonSlayer's ghost (journeyman HuBe)
 20695 | D:13     | Killed DemonSlayer's ghost
 20967 | D:13     | Reached XP level 13. HP: 67/90 MP: 0/0
 20967 | D:13     | Learned a level 5 spell: Manifold Assault
 21231 | D:14     | Noticed Jorgrun
 21243 | D:14     | Killed Jorgrun
 21274 | D:14     | Reached skill level 14 in Spellcasting
 21277 | D:14     | Noticed a vault guard
 21278 | D:14     | Noticed a vault guard
 21282 | D:14     | Killed a vault guard
 21400 | D:14     | Killed a vault guard
 21412 | D:14     | Noticed a centaur warrior
 21417 | D:14     | Killed a centaur warrior
 21736 | D:14     | Found a gate to the Vaults.
 21749 | D:14     | Noticed an eight-headed hydra
 21758 | D:14     | Killed an eight-headed hydra
 21839 | D:14     | Noticed a vault guard
 21844 | D:14     | Killed a vault guard
 21848 | D:14     | Noticed a vault guard
 21855 | D:14     | Killed a vault guard
 21974 | D:14     | Noticed a centaur warrior
 21976 | D:14     | Killed a centaur warrior
 23127 | Lair:1   | Entered Level 1 of the Lair of Beasts
 23173 | D:9      | Killed a boulder beetle
 23587 | D:8      | Bought 2 potions of resistance for 260 gold pieces
 23671 | D:3      | Killed boopsy's ghost
 23919 | Lair:1   | Noticed a seven-headed hydra
 23927 | Lair:1   | Killed a seven-headed hydra
 23934 | Lair:1   | Noticed Grum
 23936 | Lair:1   | Killed Grum
 24215 | Lair:1   | Reached skill level 15 in Spellcasting
 24229 | Lair:1   | Reached XP level 14. HP: 67/98 MP: 0/0
 25987 | Lair:2   | Found a staircase to the Shoals.
 26181 | Lair:2   | Found a hole to the Spider Nest.
 27600 | Lair:3   | Noticed Gastronok
 27609 | Lair:3   | Killed Gastronok
 28394 | Lair:4   | Reached skill level 16 in Spellcasting
 29352 | Lair:5   | Found a staircase to the Slime Pits.
 30564 | Lair:6   | Entered Level 6 of the Lair of Beasts
 30974 | Lair:6   | Noticed a dire elephant
 30981 | Lair:6   | Killed a dire elephant
 30982 | Lair:6   | Reached XP level 15. HP: 54/105 MP: 0/0
 30982 | Lair:6   | Learned a level 6 spell: Eringya's Noxious Bog
 32960 | Lair:6   | Identified the +9 rapier of Trial by Ordeal {speed, Drain
                  | rC+ rN++}
 33106 | Orc:1    | Entered Level 1 of the Orcish Mines
 33106 | Orc:1    | Found Ubosipt's Armour Shop.
 33401 | Orc:2    | Entered Level 2 of the Orcish Mines
 33831 | Orc:2    | Found a staircase to the Elven Halls.
 34276 | Orc:2    | Found Kakhlufeo's Self-Improvement Boutique.
 34337 | Orc:2    | Found a shimmering altar of Xom.
 34424 | Orc:2    | Reached skill level 17 in Spellcasting
 34976 | Orc:2    | Found Safah's Antique Weapon Shoppe.
 35030 | Orc:1    | HP: 1/106 [orc priest/divine providence (13)]
 35830 | Orc:1    | Noticed an orc warlord
 35849 | Orc:1    | Killed an orc warlord
 36527 | Orc:2    | Found Ishrucai's General Store.
 36573 | Orc:2    | Found Tuvaun's Magic Scroll Boutique.
 36585 | Orc:2    | Bought the +2 robe of Rotten Satisfaction {Regen+ Str+3
                  | Dex-3} for 247 gold pieces
 36585 | Orc:2    | Bought a scroll of fear for 49 gold pieces
 36585 | Orc:2    | Bought a scroll of identify for 28 gold pieces
 36585 | Orc:2    | Bought a scroll of magic mapping for 49 gold pieces
 36585 | Orc:2    | Bought a scroll of blinking for 105 gold pieces
 36597 | Orc:2    | Found Zionadd's Magic Scroll Shoppe.
 36603 | Orc:2    | Bought a scroll of teleportation for 42 gold pieces
 36603 | Orc:2    | Bought a scroll of magic mapping for 49 gold pieces
 36603 | Orc:2    | Bought a scroll of fear for 49 gold pieces
 36606 | Orc:2    | Bought a scroll of summoning for 123 gold pieces
 36606 | Orc:2    | Bought a scroll of magic mapping for 45 gold pieces
 36606 | Orc:2    | Bought a scroll of teleportation for 39 gold pieces
 36606 | Orc:2    | Bought a scroll of teleportation for 39 gold pieces
 36606 | Orc:2    | Bought a scroll of blinking for 97 gold pieces
 36813 | D:15     | Entered Level 15 of the Dungeon
 36906 | D:15     | Noticed Rupert
 36909 | D:15     | Killed Rupert
 37084 | D:15     | Reached XP level 16. HP: 76/112 MP: 0/0
 37311 | D:15     | Found a staircase to the Depths.
 37585 | Spider:1 | Entered Level 1 of the Spider Nest
 37902 | Spider:1 | Reached skill level 10 in Fighting
 37902 | Spider:1 | Noticed Agnes
 37915 | Spider:1 | Killed Agnes
 38042 | Spider:1 | Noticed Josephine
 38046 | Spider:1 | Killed Josephine
 38047 | Spider:1 | Reached skill level 18 in Spellcasting
 38402 | Spider:1 | Identified the +0 ring mail "Cosiotul" {rC+ rN+ Dex-2}
 39958 | Spider:2 | Bought a scroll of fear for 59 gold pieces
 39958 | Spider:2 | Bought a condenser vane for 680 gold pieces
 40247 | Spider:3 | Reached XP level 17. HP: 21/120 MP: 0/0
 40247 | Spider:3 | Learned a level 6 spell: Invisibility
 40636 | Spider:3 | Found a runed translucent gate.
 40642 | Spider:3 | Found a runed translucent gate.
 40642 | Spider:3 | Found a runed translucent gate.
 40642 | Spider:3 | Noticed Zosacw's ghost (adept HaHu)
 40642 | Spider:3 | Noticed bnorton916's ghost (adept DECj)
 40890 | Spider:4 | Entered Level 4 of the Spider Nest
 41514 | Spider:4 | Reached skill level 19 in Spellcasting
 41646 | Spider:4 | Reached skill level 5 in Stealth
 42372 | Spider:4 | Got a gossamer rune of Zot
 42583 | Shoals:1 | Entered Level 1 of the Shoals
 42832 | Shoals:1 | Found Fetoenn's General Store.
 42840 | Shoals:1 | Bought a potion of curing for 54 gold pieces
 42840 | Shoals:1 | Bought a potion of heal wounds for 90 gold pieces
 42840 | Shoals:1 | Bought a scroll of fear for 63 gold pieces
 42840 | Shoals:1 | Bought the +3 crown of Dyrovepreva {rElec Int+2 SInv} for
                  | 745 gold pieces
 42840 | Shoals:1 | Found the +3 crown of Dyrovepreva {rElec Int+2 SInv}
 42865 | Shoals:1 | Found Dith's Distillery.
 42886 | Shoals:1 | Bought a potion of heal wounds for 50 gold pieces
 42886 | Shoals:1 | Bought a potion of curing for 30 gold pieces
 43042 | Shoals:1 | Found Ypossumuh's Antique Armour Shop.
 43047 | Shoals:1 | Found Xonyr's Antique Weapon Emporium.
 43063 | Shoals:1 | Identified a scroll of acquirement
 43261 | Shoals:1 | Noticed a kraken
 43283 | Shoals:1 | Killed a kraken
 43520 | Shoals:2 | Noticed Ilsuiw
 43530 | Shoals:2 | Reached XP level 18. HP: 92/128 MP: 0/0
 43533 | Shoals:2 | Killed Ilsuiw
 43731 | Shoals:2 | Killed from afar by a wind drake

Illustrated notes

Levels and vault maps discovered:
D:1:      saegor_arrival_simple_b, layout_basic,
          ebering_ecumenical_altar_petrified
D:2:      layout_basic, chequers_serial_rivers_micro_d
D:3:      layout_loops_corners, nicolae_yredelemnul_ghost_church,
          nicolae_overflow_hidden_temple, nicolae_qazlal_style_of_elements
D:4:      layout_rooms, kennysheep_generic_room_6, uniq_grinder, uniq_ijyb,
          uniq_eustachio
D:5:      layout_basic, general_overflow_altar
D:6:      layout_layer_cave, lemuel_coloured_pillars_altar,
          mainiacjoe_overflow_large_starburst, tgw_sif, temple_fountains
D:7:      layout_cave_pods, serial_shops, shop_fountains, hangedman_decor_push,
          minmay_crossroads
D:8:      layout_loops_ring, nicolae_ru_the_path_less_chosen
D:9:      layout_basic, enter_bailey_5
D:10:     layout_basic, dpeg_lair_monsters, david_orc_3, minmay_starry_boxes
D:11:     layout_rooms, serial_shops, shop_statue, enter_trove_6,
          nicolae_kikubaaqudgha_miasma_corner
D:12:     layout_basic, special_room [special_room_orc]
D:13:     layout_basic, biasface_ghost_orc_armoury
D:14:     layout_irregular_city, lightli_vaults_fourway_checkpoint, hex_medium,
          uniq_jorgrun
D:15:     hangedman_depths_entry_civil_slaughter, layout_cave_pools,
          hangedman_decor_clover_reticule, chequers_serial_rivers_micro_e,
          uniq_rupert
Temple:   dshaligram_water_room_temple
Lair:1:   layout_concentric_octagons, wad_woods_road_02, uniq_grum
Lair:2:   layout_misc_corridors, minmay_shoals_entry_centaurs,
          spider_nest_entry_web_field, minmay_lair_oklob_chamber
Lair:3:   layout_hall_layers, nicolae_volcano_entry_s_turn,
          chequers_serial_rivers_micro_c, serial_bayou_pond_a,
          beast_lair_carwin_9, grunt_megastairs_5, infiniplex_staircase_pool_2,
          uniq_gastronok
Lair:4:   layout_cave_pods, minivault_19
Lair:5:   layout_gridlike, slime_dummy, minmay_lair_oklob_items
Lair:6:   gammafunk_lair_ancient_temple, layout_regular_city,
          portal_ice_cave_entry_pillars_2
Shoals:1: layout_shoals, serial_shops, shop, nicolae_shop_overgrown_old_shop,
          shop, nicolae_shop_statue_plus,
          nicolae_shoals_nymph_descending_staircase
Shoals:2: layout_shoals, st_sunken_temple, uniq_ilsuiw
Spider:1: layout_spider_delve, uniq_josephine, uniq_agnes
Spider:2: layout_spider_delve
Spider:3: layout_spider_delve, gammafunk_ghost_cemetery, special_room
          [special_room_bee]
Spider:4: spider_rune_water, drop_trap
Orc:1:    layout_diamond_mine, serial_shops, shop
Orc:2:    st_orc_elflike, layout_caves, basic_altar, nicolae_shop_self_help

Skill      XL: |  1  2  3  4  5  6  7  8  9 10 11 12 13 14 15 16 17 |
---------------+----------------------------------------------------+-----
Fighting       | 1 2 3 4 5 6 7 8 9 10 11 | 11.2
Spellcasting   | 3 4 5 7 9 10 12 13 15 16 17 18 19 | 19.6
Stealth        | 2 3 4 5 |  5.1
Dodging        | 3 4 5 6 7 |  7.4
Short Blades   | 1 2 3 |  3.4
Shields        | 1 2 3 4 |  4.9
Evocations     | |  0.3

Action                   |  1- 3 |  4- 6 |  7- 9 | 10-12 | 13-15 | 16-18 || total
-------------------------+-------+-------+-------+-------+-------+-------++-------
Melee: Short sword       |       |     2 |     6 |    15 |    38 |    31 ||    92
 Cast: Foxfire           |   100 |    94 |   248 |    38 |       |       ||   480
       Sticky Flame      |       |     4 |    17 |    30 |    44 |    60 ||   155
       Fireball          |       |       |    13 |   168 |   368 |   340 ||   889
       Teleport Other    |       |       |       |     7 |     2 |       ||     9
       Passwall          |       |       |       |     1 |       |       ||     1
       Summon Lightning  |       |       |       |    24 |    71 |    45 ||   140
       Manifold Assault  |       |       |       |       |     2 |       ||     2
       Eringya's Noxious |       |       |       |       |     2 |     1 ||     3
       Invisibility      |       |       |       |       |       |     4 ||     4
Invok: Call Merchant     |       |       |       |     2 |       |     1 ||     3
       Potion Petition   |       |       |       |       |     1 |       ||     1
Evoke: Wand              |       |       |     2 |       |     4 |       ||     6
       Condenser vane    |       |       |       |       |       |     1 ||     1
  Use: Scroll            |       |     4 |     5 |    11 |     8 |     9 ||    37
       Potion            |       |     2 |     2 |     2 |    11 |     4 ||    21
 Stab: Distracted        |       |       |       |       |       |     2 ||     2
Armor: Robe              |     3 |     6 |    10 |    34 |     9 |    60 ||   122
Dodge: Dodged            |    14 |    15 |    32 |    64 |    37 |   108 ||   270
       Repelled          |       |       |       |       |     3 |     1 ||     4
Block: Other             |       |       |     6 |    23 |       |       ||    29
       Reflection        |       |       |       |     5 |     8 |     2 ||    15
       Kite shield       |       |       |       |     2 |    36 |   141 ||   179
